 Dungeon Crawl Stone Soup version 0.25-a0-474-ga8a2ee3 (webtiles) character file.

Game seed: 10805620919837732560, levelgen mode: deterministic

5 Charmandara the Firebug (level 1, -2/13 HPs)
             Began as a Demonspawn Fire Elementalist on Feb 8, 2020.
             Slain by a kobold
             ... wielding a +0 spear
              (4 damage)
             ... on level 1 of the Dungeon.
             The game lasted 00:01:01 (263 turns).

Charmandara the Firebug (DsFE)                       Turns: 263, Time: 00:01:01

Health: -2/13      AC:  2    Str:  8    XL:     1   Next: 66%
Magic:  1/3        EV: 12    Int: 16    God:
Gold:   27         SH:  0    Dex: 13    Spells: 3/4 levels left

rFire    . . .     SeeInvis .   (no weapon)
rCold    . . .     Gourm    .   (no shield)
rNeg     . . .     Faith    .   a - +0 robe
rPois    .         Spirit   .   (no helmet)
rElec    .         Reflect  .   (no cloak)
rCorr    .         Harm     .   (no gloves)
MR       .....                  (no boots)
Stlth    ++........             (no amulet)
HPRegen  0.04/turn              (no ring)
MPRegen  0.08/turn              (no ring)

@: no status effects
A: no striking features
a: no special abilities


You were on level 1 of the Dungeon.
You were not hungry.

You visited 1 branch of the dungeon, and saw 1 of its levels.

You collected 27 gold pieces.

Inventory:

Armour
 a - a +0 robe (worn)
Scrolls
 d - a scroll of teleportation {unknown}
Potions
 e - 2 potions of cancellation {unknown}
Comestibles
 c - a ration


   Skills:
 - Level 1.7 Dodging
 - Level 1.7 Stealth
 - Level 2.0 Spellcasting
 + Level 1.8 Conjurations
 - Level 2.6 Fire Magic


You had 3 spell levels left.
You knew the following spells:

 Your Spells              Type           Power        Failure   Level  Hunger
a - Foxfire               Conj/Fire      #...         9%          1    #......

Your spell library contained the following spells:

 Spells                   Type           Power        Failure   Level  Hunger
 Conjure Flame            Conj/Fire      #.......     24%         3    ###....
 Inner Flame              Hex/Fire       #.......     34%         3    ###....
 Sticky Flame             Conj/Fire      #.......     63%         4    #####..
 Fireball                 Conj/Fire      #.........   92%         5    ######.


Dungeon Overview and Level Annotations

Branches:
Dungeon (1/15)

Altars:


Message History

You see here a bat corpse.
You butcher the bat corpse.
b - a chunk of flesh {@w0} You see here a bat skeleton.
You start resting.
MP restored: 3
d - a scroll labeled LAREWE TOASULE As you open the door, it creaks loudly!
There is an open door here.
Found a stone staircase leading down.
There is a stone staircase leading down here.
You now have 15 gold pieces.
Found a stone staircase leading down.
e - 2 glowing yellow potions
There is a stone staircase leading down here.
You now have 27 gold pieces (gained 12).
Found an escape hatch in the floor.
A rat comes into view.
A rat is nearby!
A rat is nearby!
You conjure some foxfire!
The foxfire hits the rat.
You kill the rat!
You now have 2/3 mp.
There is an escape hatch in the floor here. 2 bats come into view.
MP restored: 3
There are monsters nearby!
You conjure some foxfire!
The bat hits you but does no damage.
You now have 2/3 mp.
The foxfire hits the bat. x2
You kill the bat!
The bat hits you but does no damage.
You miscast Foxfire.
You are very lightly contaminated with residual magic.
Nothing appears to happen.
The bat hits you but does no damage.
You now have 1/3 mp.
Unknown command.
You conjure some foxfire!
The bat barely misses you.
The foxfire hits the bat.
You now have 0/3 mp.
Unknown command.
You barely miss the bat.
The foxfire hits the bat.
You kill the bat!
You start resting.
Your magical contamination has completely faded away.
A kobold comes into view.
The kobold shouts!
A kobold is nearby!
You conjure some foxfire!
The kobold closely misses you.
You now have 1/3 mp.
The foxfire hits the kobold.
The kobold closely misses you.
The foxfire hits the kobold.
The kobold hits you but does no damage.
You barely miss the kobold. The kobold closely misses you.
You barely miss the kobold. The kobold barely misses you.
You hit the kobold but do no damage. The kobold hits you.
You take 3 damage, and have 10/13 hp.
MASSIVE DAMAGE!!
Unknown command.
You conjure some foxfire!
The kobold barely misses you.
You now have 0/3 mp.
Unknown command.
You closely miss the kobold.
The foxfire hits the kobold.
You kill the kobold!
You see here 4 stones.
You start resting.
All of the chunks of flesh in your inventory have rotted away.
Health restored: 13; MP restored: 3 A hobgoblin comes into view.
The hobgoblin shouts!
A hobgoblin is nearby!
A rat comes into view.
You conjure some foxfire!
You now have 2/3 mp.
The foxfire hits the rat. x2
You kill the rat!
You conjure some foxfire!
A hobgoblin comes into view.
You now have 1/3 mp.
The foxfire hits the hobgoblin.
The foxfire hits the hobgoblin but does no damage.
A kobold comes into view. It is wielding a +0 spear.
You conjure some foxfire!
The hobgoblin shouts!
The kobold shouts!
You now have 0/3 mp.
The foxfire hits the hobgoblin.
The foxfire hits the hobgoblin but does no damage.
You hit the hobgoblin but do no damage. The hobgoblin misses you.
The hobgoblin hits you but does no damage.
The kobold hits you from afar with a +0 spear.
You take 2 damage, and have 11/13 hp.
You see here 4 stones.
The hobgoblin hits you.
The kobold hits you from afar with a +0 spear.
* * * LOW HITPOINT WARNING * * *
You take 9 damage, and have 2/13 hp.
MASSIVE DAMAGE!!
Here: a kobold, wielding a +0 spear The floor.
Unknown command.
The kobold hits you from afar with a +0 spear.
You die...

###g#### # #..(.# ####.#
#### #.# #..# #g# #<.+
##.# ##'# ♣♣## ##K.#
##÷#♣♣♣..#
#########g..####.........
........@......+.........
######.#...####.........
#.##.## ##.......# #>####
##.....## #.# ##...## #.#
##+## #.# #.# #####.#####
#.# #.........# ##.##


You could see 2 hobgoblins and a kobold.

Vanquished Creatures
  A kobold (D:1)
  3 bats (D:1)
  2 rats (D:1)
6 creatures vanquished.

Vanquished Creatures (others)
  13 foxfires (D:1)
13 creatures vanquished.

Grand Total: 19 creatures vanquished

Notes
Turn   | Place    | Note
-------+----------+-------------------------------------------
     0 | D:1      | Charmandara the Demonspawn Fire Elementalist began the
                  | quest for the Orb.
     0 | D:1      | Reached XP level 1. HP: 13/13 MP: 3/3
   256 | D:1      | HP: 2/13 [kobold/+0 spear (6)]
   263 | D:1      | Slain by a kobold

Levels and vault maps discovered:
D:1:      sevenhm_arrival_forest_fort_small_3, layout_loops_corners,
          minmay_tromino_v7

Action                   || total
-------------------------++-------
Melee: Unarmed           ||     6
 Cast: Foxfire           ||     9
Armor: Robe              ||     5
Dodge: Dodged            ||     7

Table legend:
 A = Non-vault XP
 B = Vault XP
 C = Vault XP percentage of total XP
 D = Non-vault monster count
 E = Vault monster count
 F = Vault count percentage of total count
                 A         B        C        D         E       F
            +---------+---------+-------+---------+---------+-------
      Total |       7 |       1 |  12.5 |       5 |       1 |  16.7
            +---------+---------+-------+---------+---------+-------
        D:1 |       7 |       1 |  12.5 |       5 |       1 |  16.7
            +---------+---------+-------+---------+---------+-------

Levels and vault maps discovered:
D:1:      sevenhm_arrival_forest_fort_small_3, layout_loops_corners,
          minmay_tromino_v7

Table legend:
 A = Turns spent in this place as a percentage of turns spent in the entire game.
 B = Non-inter-level travel turns spent in this place as a percentage of non-inter-level travel turns spent in the entire game.
 C = Inter-level travel turns spent in this place as a percentage of turns spent in this place.
 D = Turns resting spent in this place as a percentage of non-inter-level travel turns spent in this place.
 E = Turns spent auto-exploring this place as a percentage of non-inter-level travel turns spent in this place.
 F = Non-inter-level travel turns spent in this place divided by the number of levels of this place that you've seen.
                   A       B       C       D       E      F
               +-------+-------+-------+-------+-------+----------------------
         Total | 100.0 | 100.0 |   0.0 |  36.1 |  43.3 | 263.0
       Dungeon | 100.0 | 100.0 |   0.0 |  36.1 |  43.3 | 263.0
               +-------+-------+-------+-------+-------+----------------------

Table legend:
 A = Kills in this place as a percentage of kills in entire the game.
 B = Kills by you in this place as a percentage of kills by you in the entire game.
 C = Kills by friends in this place as a percentage of kills by friends in the entire game.
 D = Other kills in this place as a percentage of other kills in the entire game.
 E = Experience gained in this place as a percentage of experience gained in the entire game.
 F = Experience gained in this place divided by the number of levels of this place that you have seen.
                   A       B       C       D       E      F
               +-------+-------+-------+-------+-------+----------------------
         Total | 100.0 | 100.0 |   N/A |   N/A | 100.0 |   8.0
       Dungeon | 100.0 | 100.0 |   N/A |   N/A | 100.0 |   8.0
               +-------+-------+-------+-------+-------+----------------------
